 Dungeon Crawl Stone Soup version 0.26-a0-800-g517d6fe721 (webtiles) character file.

Game seed: 13360864072671538296

140 robertstho the Chiller (level 5, -8/28 HPs)
             Began as a Deep Elf Ice Elementalist on Nov 11, 2020.
             Was an Initiate of Sif Muna.
             Killed by miscasting Hailstorm (15 damage)
             ... on level 4 of the Dungeon.
             The game lasted 00:04:29 (3029 turns).

robertstho the Chiller (Deep Elf Ice Elementalist)  Turns: 3029, Time: 00:04:30

Health: -8/28      AC:  2    Str:  5    XL:     5   Next: 2%
Magic:  7/22       EV: 13    Int: 27    God:    Sif Muna [......]
Gold:   232        SH:  0    Dex: 15    Spells: 1/12 levels left

rFire    . . .     SeeInvis .   l - +3 spear
rCold    . . .     Faith    .   (no shield)
rNeg     . . .     Spirit   .   a - +0 robe
rPois    .         Reflect  .   (no helmet)
rElec    .         Harm     .   (no cloak)
rCorr    .         Rampage  .   (no gloves)
MR       .....                  (no boots)
Stlth    ++........             k - amulet of regeneration
HPRegen  0.49/turn              c - +6 ring of intelligence
MPRegen  0.18/turn              h - ring of magical power

@: frozen ramparts, very slightly contaminated
A: no striking features
a: Renounce Religion


You were on level 4 of the Dungeon.
You worshipped Sif Muna.
Sif Muna was noncommittal.
You visited 1 branch of the dungeon, and saw 4 of its levels.

You collected 232 gold pieces.

Inventory:

Hand Weapons
 f - a +0 dagger
 l - a +3 spear (weapon)
Armour
 a - a +0 robe (worn)
Jewellery
 c - a +6 ring of intelligence (left hand)
 h - a ring of magical power (right hand)
 k - an amulet of regeneration (around neck)
Scrolls
 b - a scroll of random uselessness {unknown}
 d - 4 scrolls of magic mapping
 e - a scroll of remove curse {unknown}
 i - 4 scrolls of enchant armour {unknown}
 j - 3 scrolls of teleportation
 m - a scroll of identify
 n - a scroll of noise {unknown}
 o - a scroll of immolation {unknown}
Potions
 g - 2 potions of might


   Skills:
 + Level 0.7 Fighting
 + Level 0.1 Short Blades
 + Level 0.6 Polearms
 + Level 2.6 Dodging
 + Level 3.1 Stealth
 + Level 0.1 Unarmed Combat
 * Level 4.4 Spellcasting
 * Level 5.6 Ice Magic


You had one spell level left.
You knew the following spells:

 Your Spells              Type           Power        Failure   Level
a - Freeze                Ice            ####         1%          1
b - Frozen Ramparts       Ice            #####.       2%          3
c - Ozocubu's Armour      Ice            #####...     2%          3
d - Hailstorm             Conj/Ice       ###.....     24%         4

Your spell library contained the following spells:

 Spells                   Type           Power        Failure   Level
 Summon Ice Beast         Ice/Summ       ###.....     24%         4


Dungeon Overview and Level Annotations

Branches:
Dungeon (4/15)             Temple (0/1) D:4

Altars:
Okawaru
Sif Muna
Zin


Message History

Okay, then.
Casting: Frozen Ramparts (dangerous; 2% risk of failure)
Confirm with . or Enter, or press ? or * to list all spells.
The spell is extremely dangerous to cast (24% risk of failure)!
Continue anyway?
You miscast Hailstorm.
You are very lightly contaminated with residual magic.
Nothing appears to happen.
Casting: Hailstorm (extremely dangerous; 24% risk of failure)
Confirm with . or Enter, or press ? or * to list all spells.
The spell is extremely dangerous to cast (24% risk of failure)!
Continue anyway?
A cannonade of hail descends around you!
The hail pelts the ogre!
The ogre is almost dead.
Unknown command.
Casting: Hailstorm (extremely dangerous; 24% risk of failure)
Confirm with . or Enter, or press ? or * to list all spells.
The spell is extremely dangerous to cast (24% risk of failure)!
Continue anyway?
You miscast Hailstorm.
You are encased in ice!
Ouch! That really hurt!
You die...

....# #. .....# #..
.<..
......##.###......
#..................
.........#.........
.........##........
...)......#........
...=..O.#..........
..!.....@..........
.......###.........
....... ##.....[..
....... #........
.......####........
...
..............(....
..####
...................
.....#
....#.#.........
.....#..
.##.............


You could see an ogre.

Vanquished Creatures
  An orc wizard (D:3)
  5 adders
  A dart slug (D:3)
  4 leopard geckos
  5 orcs (D:3)
  A ball python (D:2)
  4 giant cockroaches
  6 goblins
  2 hobgoblins
  2 jackals (D:3)
  7 bats
  8 frilled lizards
  7 kobolds
  A quokka skeleton (D:4)
  2 rats (D:1)
56 creatures vanquished.

Notes
Turn   | Place    | Note
-------+----------+-------------------------------------------
     0 | D:1      | robertstho the Deep Elf Ice Elementalist began the quest
                  | for the Orb.
     0 | D:1      | Reached XP level 1. HP: 10/10 MP: 6/6
   627 | D:1      | Reached XP level 2. HP: 10/15 MP: 6/8
  1276 | D:2      | Reached skill level 5 in Ice Magic
  1276 | D:2      | Reached XP level 3. HP: 19/19 MP: 10/10
  1671 | D:2      | Found a glowing silver altar of Zin.
  2073 | D:3      | Reached XP level 4. HP: 24/24 MP: 12/12
  2112 | D:3      | Found an iron altar of Okawaru.
  2216 | D:3      | Found a shimmering blue altar of Sif Muna.
  2331 | D:3      | Became a worshipper of Sif Muna the Loreminder
  2529 | D:3      | Learned a level 3 spell: Frozen Ramparts
  2533 | D:3      | Learned a level 3 spell: Ozocubu's Armour
  2538 | D:3      | Learned a level 4 spell: Hailstorm
  2889 | D:3      | Reached XP level 5. HP: 28/28 MP: 13/13
  2977 | D:4      | Found a staircase to the Ecumenical Temple.
  3013 | D:4      | Noticed an ogre
  3029 | D:4      | Killed by miscasting Hailstorm

Illustrated notes

Levels and vault maps discovered:
D:1:      nzn_arrival_depleted_hourglass, layout_rooms
D:2:      layout_rooms, lemuel_crystal_altar, minmay_liquid_box,
          lemuel_another_geyser
D:3:      layout_loops_ring, nicolae_overflow_crystal_walls, led_sif_pool
D:4:      layout_rooms, chequers_temple_overflow_statue_of_worship,
          minmay_temple_entry_junction_2, lemuel_altar_in_water

Skill      XL: |  1  2  3  4 |
---------------+-------------+-----
Ice Magic      | 5 |  5.6
Spellcasting   | 4 |  4.4
Stealth        | 3 |  3.1
Fighting       | |  0.7
Short Blades   | |  0.1
Polearms       | |  0.6
Dodging        | |  2.6
Unarmed Combat | |  0.1

Action                   |  1- 3 |  4- 6 || total
-------------------------+-------+-------++-------
Melee: Unarmed           |    25 |       ||    25
       Dagger            |    27 |       ||    27
       Spear             |    24 |    60 ||    84
 Cast: Freeze            |    23 |    11 ||    34
       Frozen Ramparts   |       |     2 ||     2
       Hailstorm         |       |     1 ||     1
  Use: Scroll            |     4 |       ||     4
 Stab: Sleeping          |     6 |     5 ||    11
       Distracted        |       |     1 ||     1
Armor: Robe              |    26 |     5 ||    31
Dodge: Dodged            |    62 |    30 ||    92

Table legend: (Time is in decaauts)
 A = Elapsed time spent in this place.
 B = Non-inter-level travel time spent in this place.
 C = Inter-level travel time spent in this place.
 D = Time resting spent in this place.
 E = Time spent auto-exploring this place.
 F = Levels seen in this place.
 G = Mean time per level.
                   A        B        C        D        E       F      G
               +--------+--------+--------+--------+--------+-----+--------+
         Total |   3036 |   2910 |    126 |     34 |   2431 |   4 |  759.0 |
       Dungeon |   3036 |   2910 |    126 |     34 |   2431 |   4 |  759.0 |
               +--------+--------+--------+--------+--------+-----+--------+

Top non-repeatable levels by time:
     D:1: 1250 daAuts
     D:3: 921 daAuts
     D:2: 802 daAuts
     D:4: 62 daAuts
